 Dungeon Crawl Stone Soup version 0.20.1-1-g8b1a95d (webtiles) character file.

463 dohliylev the Covert (level 6, -7/44 HPs)
             Began as a Vampire Assassin on Dec 2, 2017.
             Was a Believer of Nemelex Xobeh.
             Mangled by a wyvern (12 damage)
             ... summoned by the player character
             ... on level 4 of the Dungeon.
             The game lasted 00:13:19 (2850 turns).

dohliylev the Covert (Vampire Assassin)             Turns: 2850, Time: 00:13:19

Health: -7/44      AC:  3    Str: 10    XL:     6   Next: 79%
Magic:  6/6        EV: 12    Int: 13    God:    Nemelex Xobeh [**....]
Gold:   182        SH:  3    Dex: 18    Spells: 5/5 levels left

rFire    . . .     SeeInvis +   a - +2 dagger
rCold    . . .     Gourm    .   (no shield)
rNeg     . . .     Faith    .   s - +0 robe {MR+}
rPois    .         Spirit   .   (no helmet)
rElec    .         Reflect  +   d - +0 cloak
rCorr    .         Harm     .   (no gloves)
MR       +....                  (no boots)
Stlth    +++++.....             q - +3 amulet of reflection
Regen    0.4/turn               (no ring)
MPRegen  0.1/turn               (no ring)

@: regenerating quickly
A: fangs 3, see invisible, unbreathing
a: Renounce Religion


You were on level 4 of the Dungeon.
You worshipped Nemelex Xobeh.
Nemelex Xobeh was pleased with you.
You were full.

You visited 1 branch of the dungeon, and saw 4 of its levels.

You collected 182 gold pieces.

Inventory:

Hand Weapons
 a - a +2 dagger (weapon)
 b - a +0 blowgun
 e - a +3 dagger
Missiles
 f - 2 curare-tipped needles
Armour
 d - a +0 cloak (worn)
 s - a +0 robe of magic resistance (worn)
 u - a cursed +0 robe
Jewellery
 q - a +3 amulet of reflection (around neck)
 r - a cursed ring of teleportation {unknown}
Scrolls
 h - 4 scrolls of fear {unknown}
 j - a scroll of teleportation {unknown}
 k - 2 scrolls of enchant weapon {unknown}
 m - a scroll of fog {unknown}
 n - a scroll of random uselessness {unknown}
 p - 3 scrolls of identify {unknown}
 x - a scroll of enchant armour {unknown}
 y - 3 scrolls of remove curse {unknown}
Potions
 c - 2 potions of curing {unknown}
 g - 15 potions of blood
 i - a potion of invisibility {unknown}
 l - a potion of brilliance {unknown}
 v - a potion of flight {unknown}
 w - a potion of berserk rage {unknown}
 z - a potion of agility {unknown}
 A - a potion of lignification {unknown}
Miscellaneous
 t - a plain deck of summoning {drawn: 1}


   Skills:
 - Level 1.7 Fighting
 + Level 4.1 Short Blades
 - Level 1.5 Throwing
 + Level 1.8 Dodging
 * Level 11.1 Stealth
 + Level 0.1 Invocations


You had 5 spell levels left.
You didn't know any spells.

Dungeon Overview and Level Annotations

Branches:
Dungeon (4/15)
 Temple: D:4-7

Altars:
Nemelex Xobeh

Annotations:
D:4 IrkenScum's ghost, novice MfGl


Innate Abilities, Weirdness & Mutations

Your natural rate of healing is unusually fast.
You have razor-sharp teeth.
You have supernaturally acute eyesight. (SInv)
You can survive without breathing.


Message History

You completely miss the wyvern. Your bite misses the wyvern.
The wyvern is moderately wounded.
The wyvern bites you!
Your wyvern bites IrkenScum's ghost!
IrkenScum's ghost hits your wyvern.
You hit the wyvern but do no damage.
The wyvern is moderately wounded.
The wyvern bites you!
* * * LOW HITPOINT WARNING * * *
Your wyvern bites IrkenScum's ghost!
IrkenScum's ghost closely misses your wyvern.
The wyvern misses you.
Your wyvern bites IrkenScum's ghost.
Your wyvern bites IrkenScum's ghost but does no damage.
IrkenScum's ghost hits your wyvern!
Your wyvern dies!
Your wyvern's corpse disappears in a puff of smoke!
There is a stone staircase leading down here.
The wyvern bites you!
You die...
Your body glows slightly and disappears.

#.#####........#
#.# #...)....# #.#
#..†.....# #)#
#.))..[..# #.#
#........# #.#
#....†...# #.#
#<.......# #####
#.########l#####
....# #......W§.@#
....# #..........#
....# #..........#
....###.....>....#
.................#
....###..........#
....# #..........#
....# #..........#
....# ############


You could see a wyvern and IrkenScum's ghost.

Vanquished Creatures
  An ogre (D:4)
  A worker ant (D:4)
  7 adders
  3 oozes (D:2)
  2 worms
  A dart slug (D:2)
  3 leopard geckos
  5 orcs
  2 ball pythons (D:2)
  7 bats
  2 giant cockroaches
  6 goblins
  8 hobgoblins
  2 jackals (D:2)
  5 kobolds
  2 quokkas (D:3)
  A frilled lizard (D:2)
  6 rats
64 creatures vanquished.

Vanquished Creatures (collateral kills)
  An ogre (D:4)
  The ghost of Folque the Magician, an amateur OpWz (D:3)
  A scorpion (D:4)
  2 orc priests (D:4)
  An orc wizard (D:3)
  5 orcs
11 creatures vanquished.

Grand Total: 75 creatures vanquished

Notes
Turn   | Place    | Note
-------+----------+-------------------------------------------
     0 | D:1      | dohliylev the Vampire Assassin began the quest for the Orb.
     0 | D:1      | Reached XP level 1. HP: 16/16 MP: 1/1
   106 | D:1      | Found a sparkling altar of Nemelex Xobeh.
   110 | D:1      | Became a worshipper of Nemelex Xobeh the Trickster
   150 | D:1      | Received a gift from Nemelex Xobeh
   195 | D:1      | Reached skill level 6 in Stealth
   253 | D:1      | Reached XP level 2. HP: 20/22 MP: 2/2
   901 | D:2      | Reached skill level 7 in Stealth
   911 | D:2      | Reached * piety under Nemelex Xobeh
  1102 | D:2      | Reached XP level 3. HP: 21/27 MP: 3/3
  1328 | D:2      | Reached skill level 8 in Stealth
  1331 | D:2      | You fall through a shaft!
  1354 | D:3      | Reached XP level 4. HP: 31/33 MP: 4/4
  1459 | D:3      | Noticed Folque's ghost (amateur OpWz)
  1559 | D:3      | Received a gift from Nemelex Xobeh
  2053 | D:3      | Reached skill level 9 in Stealth
  2165 | D:3      | Reached XP level 5. HP: 37/38 MP: 5/5
  2202 | D:3      | Killed Folque's ghost
  2386 | D:3      | Reached ** piety under Nemelex Xobeh
  2623 | D:4      | Noticed an ogre
  2650 | D:4      | Noticed IrkenScum's ghost (novice MfGl)
  2660 | D:4      | Noticed an ogre
  2714 | D:4      | Reached skill level 10 in Stealth
  2716 | D:4      | Killed an ogre
  2716 | D:4      | Reached XP level 6. HP: 39/44 MP: 6/6
  2798 | D:4      | Reached skill level 11 in Stealth
  2840 | D:4      | Noticed a wyvern
  2850 | D:4      | Mangled by a wyvern

Skill      XL: |  1  2  3  4  5  6 |
---------------+-------------------+-----
Stealth        | 6 7 8 9 10 11 | 11.1
Short Blades   | 3 4 |  4.1
Fighting       | |  1.7
Throwing       | |  1.5
Dodging        | |  1.8
Invocations    | |  0.1

Action                   |  1- 3 |  4- 6 || total
-------------------------+-------+-------++-------
Melee: Dagger            |    87 |    93 ||   180
       Bite              |     5 |     6 ||    11
 Fire: Blowgun           |    25 |     8 ||    33
 Abil: End Transformatio |       |     4 ||     4
       Bat Form          |       |     4 ||     4
Evoke: Deck              |       |     6 ||     6
  Use: Potion            |     5 |       ||     5
 Stab: Sleeping          |     8 |    14 ||    22
       Distracted        |       |     1 ||     1
  Eat: Corpse            |     5 |     3 ||     8
Armor: Robe              |    17 |    14 ||    31
Dodge: Dodged            |    53 |    34 ||    87
Block: Other             |     3 |    12 ||    15
